Map: Efflorescence LE

Players

Mortalitas

  • Race: Protoss Protoss
  • League: Bronze
  • Spawn Location: 12:00

Asoaro

  • Race: Terran Terran
  • League: Platinum
  • Spawn Location: 3:00

Throwfordays - Winner!

  • Race: Protoss Protoss
  • League: Silver
  • Spawn Location: 6:00

Faust - Winner!

  • Race: Zerg Zerg
  • League: Diamond
  • Spawn Location: 9:00

VOD

Have the link to the VOD?

Description

Time

  • Played on: March 20, 2019, 9:22 p.m.
  • Length: 14:30
Show
View Real Time Build Order
Export as new Build Order

Mortalitas Protoss 

Build Orders: 1 Gate Expand, Carriers 

Get SALT Encoding   

  12  0:01  Probe  
  13  0:13  Probe  
  14  0:25  Pylon, Probe  
  15  0:43  Probe  
  15  0:46  Gateway  
  16  0:52  Probe  
  17  1:00  Probe  
  17  1:10  Assimilator, Probe  
  19  1:22  Probe  
  20  1:29  Nexus  
  20  1:34  Probe  
  21  1:42  Cybernetics Core  
  21  1:51  Pylon  
  21  2:01  Pylon  
  21  2:03  Zealot  
  23  2:09  Probe  
  24  2:21  Probe  
  25  2:25  Forge  
  25  2:26  Warp Gate  
  25  2:33  Probe  
  26  2:41  Probe x2  
  27  2:49  Probe  
  27  2:50  Pylon  
  29  2:59  Gateway  
  29  3:00  Probe  
  29  3:05  Pylon  
  30  3:09  Assimilator, Probe  
  30  3:12  Probe  
  32  3:18  Gateway  
  28  4:05  Pylon  
  28  4:10  Photon Cannon  
  28  4:30  Pylon, Photon Cannon  
  28  4:33  Assimilator  
  28  4:38  Probe  
  29  4:49  Probe  
  29  4:50  Stargate  
  30  4:54  Stargate  
  30  4:56  Stargate  
  30  4:57  Probe  
  30  4:58  Probe  
  30  5:05  Probe  
  30  5:06  Assimilator, Probe  
  32  5:11  Photon Cannon  
  34  5:15  Pylon  
  34  5:16  Probe x2  
  34  5:17  Pylon  
  36  5:24  Gateway  
  36  5:26  Protoss Shields Level 1  
  36  5:27  Twilight Council  
  36  5:28  Probe x2  
  38  5:30  Photon Cannon  
  38  5:35  Pylon  
  38  5:39  Probe  
  38  5:42  Probe  
  40  5:47  Probe  
  40  5:54  Probe  
  40  5:55  Probe  
  40  5:57  Photon Cannon  
  42  5:59  Photon Cannon  
  43  6:05  Photon Cannon  
  43  6:06  Oracle, Probe  
  47  6:16  Oracle  
  47  6:17  Oracle  
  47  6:19  Probe  
  54  7:02  Void Ray  
  49  7:26  Void Ray x2  
  52  7:54  Photon Cannon  
  52  7:58  Pylon  
  52  8:03  Nexus  
  52  8:07  Photon Cannon  
  52  8:10  Pylon  
  52  8:12  Void Ray  
  52  8:13  Void Ray  
  55  9:10  Void Ray  
  55  9:11  Void Ray  
  63  9:21  Fleet Beacon  
  63  9:42  Photon Cannon  
  63  9:44  Photon Cannon  
  63  9:46  Photon Cannon  
  63  9:49  Stargate  
  63  9:51  Probe  
  63  9:59  Probe  
  65  10:09  Probe  
  66  10:21  Probe  
  66  10:28  Carrier x2  
  78  10:33  Probe  
  79  11:19  Carrier  
  79  11:22  Carrier x2  
  73  11:44  Charge  
  73  11:51  Zealot x4  
  81  12:23  Carrier  
  81  12:26  Carrier  
  93  12:36  Zealot x4  
  101  12:41  Tempest  
  106  12:57  Zealot x2  
  110  13:08  Pylon  
  110  13:09  Pylon  
  110  13:12  Pylon  
  110  13:14  Pylon  
  110  13:17  Pylon  
  110  13:21  Pylon  
  110  13:25  Tempest  
  115  13:27  Tempest, Zealot x2  
  115  13:28  Zealot  
  115  13:30  Tempest, Zealot  
Show
View Real Time Build Order
Export as new Build Order

Asoaro Terran 

Build Orders: Command Center First (CC) 

Get SALT Encoding   

  12  0:00  SCV  
  13  0:13  SCV  
  14  0:19  Supply Depot  
  14  0:25  SCV  
  15  0:41  SCV  
  16  0:53  SCV  
  17  1:05  Command Center  
  17  1:08  SCV  
  18  1:20  Barracks  
  18  1:22  SCV  
  19  1:29  Refinery  
  19  1:35  SCV  
  20  1:50  SCV  
  21  2:06  Marine  
  21  2:07  Orbital Command  
  22  2:11  Supply Depot  
  22  2:16  Orbital Command  
  22  2:27  Marine  
  23  2:41  SCV  
  23  2:43  SCV  
  25  2:48  Command Center  
  25  2:53  Marine  
  25  2:54  SCV  
  27  3:01  Refinery  
  27  3:02  SCV  
  28  3:05  Refinery  
  28  3:06  SCV  
  29  3:12  Factory  
  29  3:18  Marine  
  30  3:22  SCV  
  31  3:36  Marine  
  32  3:47  SCV x2  
  34  3:59  SCV x2  
  35  4:10  SCV  
  35  4:11  SCV  
  35  4:13  SCV  
  38  4:22  SCV, Barracks x2  
  38  4:23  Marine, SCV, Barracks  
  41  4:34  SCV x2  
  41  4:35  Refinery  
  43  4:41  Marine, Refinery, SCV  
  43  4:42  Refinery  
  45  4:46  SCV x2  
  47  4:53  SCV  
  47  4:58  SCV  
  47  4:59  SCV, Factory Tech Lab  
  50  5:01  Marine  
  51  5:12  Marine x3  
  54  5:15  Bunker  
  54  5:17  Siege Tank  
  54  5:21  Bunker, Barracks Tech Lab  
  57  5:26  Starport  
  57  5:28  Starport  
  57  5:30  Starport  
  57  5:32  SCV x3, Starport  
  60  5:40  Supply Depot  
  60  5:43  Supply Depot  
  60  5:46  Supply Depot  
  60  5:59  SCV  
  61  6:07  Command Center  
  61  6:08  SCV  
  61  6:09  Marine x3, SCV  
  61  6:11  SCV  
  67  6:13  Starport Tech Lab x3  
  67  6:14  Starport Tech Lab  
  67  6:17  Fusion Core  
  67  6:21  Supply Depot  
  67  6:23  SCV x2  
  69  6:35  SCV  
  69  6:36  Supply Depot  
  69  6:39  Engineering Bay  
  70  6:43  Siege Tank  
  70  6:45  Corvid Reactor  
  73  6:48  Combat Shield  
  76  6:58  SCV  
  74  7:09  Battlecruiser x2  
  74  7:10  SCV, Missile Turret  
  74  7:12  Battlecruiser  
  93  7:21  Battlecruiser  
  99  7:24  Planetary Fortress  
  99  7:28  SCV  
  99  7:29  Refinery  
  100  7:38  Weapon Refit  
  100  7:40  SCV  
  101  7:46  Refinery  
  101  7:53  SCV  
  102  8:01  SCV  
  102  8:04  Missile Turret  
  102  8:05  SCV  
  104  8:13  SCV, Battlecruiser  
  104  8:17  SCV  
  104  8:18  Supply Depot  
  112  8:25  SCV  
  113  8:29  SCV  
  114  8:39  Battlecruiser  
  121  8:41  SCV  
  121  9:16  Battlecruiser  
  121  9:24  Battlecruiser  
  115  9:44  Battlecruiser  
  121  9:46  Starport  
  121  10:10  SCV  
  121  10:12  SCV  
  123  10:15  Bunker  
  123  10:20  Battlecruiser  
  129  10:23  SCV  
  129  10:24  SCV  
  125  10:35  SCV  
  122  10:36  SCV  
  122  10:41  Starport Tech Lab  
  117  10:48  SCV, Battlecruiser  
  121  11:00  Starport  
  121  11:01  SCV, Starport  
  119  11:13  SCV  
  119  11:14  Missile Turret  
  119  11:16  Missile Turret x2  
  119  11:17  Missile Turret  
  119  11:18  Missile Turret  
  114  11:28  Starport  
  114  11:29  Starport  
  114  11:33  Battlecruiser  
  114  11:37  Armory  
  114  11:38  Armory  
  120  12:00  Starport Tech Lab x2  
  95  12:20  Starport Tech Lab  
  95  12:21  Starport Tech Lab  
  74  12:23  Battlecruiser x3  
  92  12:37  Battlecruiser  
  92  12:39  Marine x2  
  100  12:50  Battlecruiser  
  106  12:55  Supply Depot  
  106  12:56  Supply Depot  
  106  12:57  Supply Depot, Command Center  
  106  12:58  Supply Depot, Command Center  
  106  12:59  Supply Depot  
  106  13:03  Raven  
  108  13:17  Refinery  
  108  13:18  Command Center, Missile Turret  
  108  13:21  Missile Turret x2  
  108  13:22  Missile Turret  
  108  13:24  Missile Turret  
  108  13:26  Missile Turret  
  71  13:50  Marine x3  
Show
View Real Time Build Order
Export as new Build Order

Throwfordays Protoss - Winner!

Build Orders: Nexus First 

Get SALT Encoding   

  1  0:00  Probe  
  13  0:08  Probe  
  14  0:16  Probe  
  15  0:46  Nexus  
  15  0:56  Pylon  
  15  1:07  Assimilator  
  15  1:14  Probe  
  15  1:17  Forge  
  16  1:26  Probe  
  16  1:31  Gateway  
  17  1:34  Probe  
  18  1:42  Probe  
  19  1:53  Probe  
  20  2:02  Assimilator  
  20  2:04  Pylon  
  20  2:20  Cybernetics Core  
  20  2:32  Photon Cannon  
  20  2:34  Photon Cannon  
  20  2:36  Photon Cannon  
  20  2:44  Photon Cannon  
  20  2:49  Probe x2  
  21  2:57  Probe  
  22  2:59  Warp Gate  
  22  3:01  Probe  
  24  3:07  Probe  
  25  3:14  Stargate  
  25  3:20  Pylon, Probe  
  26  3:28  Probe  
  27  3:36  Probe  
  28  3:42  Probe  
  28  3:48  Probe  
  30  3:51  Photon Cannon  
  30  3:56  Photon Cannon  
  30  4:00  Probe  
  30  4:02  Photon Cannon  
  31  4:09  Photon Cannon  
  31  4:12  Probe  
  31  4:16  Probe  
  32  4:24  Probe x2  
  35  4:32  Probe  
  35  4:36  Probe  
  37  4:39  Assimilator  
  37  4:45  Assimilator, Probe  
  38  4:48  Void Ray, Probe  
  38  4:51  Protoss Shields Level 1  
  43  4:53  Protoss Air Weapons Level 1  
  43  4:56  Pylon  
  43  4:57  Probe  
  44  5:00  Probe  
  44  5:04  Pylon  
  45  5:12  Probe  
  45  5:13  Cybernetics Core  
  46  5:18  Stargate  
  46  5:37  Void Ray  
  46  5:40  Nexus  
  50  5:43  Pylon  
  50  5:47  Assimilator  
  50  5:52  Assimilator, Protoss Air Armor Level 1  
  50  5:56  Probe x2  
  52  6:04  Probe x2  
  54  6:13  Probe  
  54  6:14  Void Ray, Probe  
  60  6:21  Photon Cannon  
  60  6:25  Photon Cannon  
  60  6:26  Probe  
  60  6:31  Void Ray  
  65  6:35  Probe  
  65  6:37  Probe  
  67  6:43  Probe  
  67  6:45  Probe  
  67  6:52  Probe  
  67  6:53  Probe  
  69  6:57  Fleet Beacon  
  71  7:01  Pylon  
  71  7:04  Probe x2  
  73  7:16  Probe x2  
  73  7:22  Void Ray x2  
  83  7:26  Stargate  
  83  7:33  Twilight Council  
  83  7:42  Probe  
  84  7:47  Probe  
  84  7:49  Protoss Air Weapons Level 2  
  84  7:51  Probe  
  86  7:54  Probe  
  87  8:00  Probe  
  88  8:07  Probe  
  88  8:11  Nexus  
  88  8:12  Void Ray x2, Probe  
  98  8:14  Pylon  
  98  8:17  Assimilator  
  98  8:19  Pylon  
  98  8:20  Pylon  
  98  8:22  Assimilator, Pylon  
  98  8:35  Void Ray  
  102  8:42  Stargate x2  
  102  8:50  Probe  
  102  8:54  Probe  
  104  9:02  Probe  
  104  9:06  Probe  
  106  9:15  Probe  
  107  9:17  Protoss Shields Level 2  
  107  9:18  Probe  
  108  9:30  Protoss Air Armor Level 2  
  100  9:43  Void Ray x3  
  100  9:44  Void Ray x2  
  120  10:02  Protoss Air Weapons Level 3, Probe  
  121  10:08  Probe  
  122  10:14  Probe  
  122  10:20  Probe  
  124  10:21  Pylon  
  124  10:23  Pylon  
  124  10:25  Pylon  
  124  10:26  Probe  
  124  10:27  Pylon  
  125  10:29  Void Ray x4  
  125  10:32  Probe  
  125  10:35  Void Ray  
  146  10:39  Probe  
  146  10:44  Probe  
  147  10:51  Probe  
  147  10:56  Probe  
  149  11:23  Protoss Shields Level 3  
  145  11:32  Void Ray x4  
  153  11:33  Void Ray  
  153  11:38  Protoss Air Armor Level 3  
  161  12:21  Void Ray x5  
  169  13:16  Pylon  
  169  13:17  Pylon  
  169  13:18  Pylon  
  169  13:20  Pylon  
  169  13:21  Pylon  
  169  13:23  Pylon  
  169  13:33  Void Ray x2  
  177  13:34  Void Ray x2  
  177  13:36  Void Ray  
Show
View Real Time Build Order
Export as new Build Order

Faust Zerg - Winner!

Build Orders: Hatch First, Swarm Host 

Get SALT Encoding   

  12  0:01  Drone  
  13  0:09  Drone  
  14  0:15  Extractor  
  14  0:16  Drone  
  15  0:23  Overlord  
  15  0:42  Drone x2  
  17  0:58  Drone  
  17  0:59  Hatchery  
  17  1:03  Drone  
  18  1:05  Extractor  
  17  1:19  Spawning Pool  
  17  1:22  Drone  
  17  1:27  Drone  
  17  1:28  Drone  
  19  1:38  Overlord  
  19  2:06  Zergling x2  
  19  2:07  Zergling x2, Queen  
  19  2:08  Metabolic Boost  
  23  2:11  Queen  
  25  2:17  Zergling x4  
  27  2:23  Drone  
  27  2:28  Overlord  
  28  2:35  Baneling Nest  
  27  2:40  Drone  
  28  2:52  Drone x3  
  31  3:00  Drone x2  
  33  3:06  Lair  
  33  3:11  Drone  
  33  3:12  Drone  
  35  3:21  Drone  
  35  3:22  Drone x2  
  37  3:34  Drone  
  37  3:35  Zergling x4, Drone x3  
  40  4:07  Infestation Pit  
  40  4:08  Spore Crawler  
  40  4:09  Drone x4  
  42  4:16  Drone x2  
  44  4:17  Overlord x2  
  44  4:18  Extractor  
  44  4:22  Overseer  
  43  4:24  Drone  
  43  4:26  Hatchery  
  43  4:28  Extractor  
  43  4:31  Drone x2  
  43  4:35  Drone  
  43  4:38  Drone x3  
  48  4:41  Overlord  
  48  4:48  Drone  
  48  4:51  Extractor  
  48  4:57  Spore Crawler  
  48  4:59  Drone x2  
  49  5:00  Drone  
  50  5:08  Nydus Network  
  49  5:15  Spore Crawler  
  49  5:19  Zergling x2  
  49  5:20  Zergling x6  
  49  5:21  Swarm Host x2  
  58  5:30  Drone x4  
  62  5:40  Queen, Drone x3  
  67  5:46  Swarm Host  
  67  5:47  Hydralisk Den  
  67  5:48  Swarm Host  
  72  5:51  Overlord  
  72  5:53  Overlord x2  
  72  6:02  Drone x2  
  74  6:15  Drone x4  
  74  6:16  Drone  
  79  6:19  Extractor x2  
  79  6:20  Overlord x2  
  79  6:24  Swarm Host x5  
  92  6:26  Drone  
  93  6:40  Swarm Host x3  
  93  6:46  Drone x3  
  105  6:47  Drone  
  105  6:50  Drone x2, Overlord x2  
  108  6:55  Hive  
  108  7:01  Nydus Canal  
  109  7:15  Drone x2  
  110  7:43  Drone x2  
  110  7:44  Drone x2  
  114  7:54  Hatchery  
  113  8:09  Baneling x11  
  113  8:35  Nydus Canal  
  113  8:36  Hydralisk x4  
  113  8:38  Overlord x5  
  113  8:39  Overlord x7  
  112  8:59  Hydralisk x6  
  112  9:00  Hydralisk x5  
  132  9:10  Hydralisk  
  132  9:11  Hydralisk x4  
  134  9:24  Drone  
  134  9:25  Drone x2  
  134  9:27  Drone  
  134  9:28  Drone  
  139  9:33  Drone x3  
  139  9:38  Queen  
  142  9:45  Spore Crawler x3  
  142  9:48  Ultralisk Cavern  
  142  9:51  Spore Crawler  
  139  9:53  Drone x6  
  139  9:54  Spore Crawler  
  139  9:55  Spore Crawler, Drone x5  
  139  9:56  Queen  
  150  10:03  Overlord x3  
  150  10:09  Muscular Augments  
  150  10:11  Evolution Chamber x2  
  146  10:39  Adrenal Glands  
  136  10:43  Hydralisk x12  
  136  10:44  Hydralisk x3  
  158  10:55  Drone x3  
  147  11:01  Hydralisk  
  147  11:02  Hydralisk x2  
  153  11:07  Chitinous Plating  
  153  11:14  Hydralisk  
  153  11:15  Hydralisk x3  
  153  11:17  Hydralisk  
  153  11:18  Hydralisk  
  163  11:20  Zerg Ground Armor Level 1, Zerg Missile Weapons Level 1, Grooved Spines  
  163  11:24  Pneumatized Carapace  
  163  11:25  Burrow  
  165  11:27  Evolution Chamber  
  165  11:28  Viper  
  165  11:31  Extractor, Drone x2  
  165  11:32  Drone x2  
  170  11:33  Extractor, Drone x4  
  170  11:34  Drone x2  
  170  11:37  Spore Crawler  
  170  11:38  Drone x3  
  170  11:39  Spore Crawler  
  176  11:58  Nydus Network  
  176  12:01  Drone x4  
  178  12:07  Zerg Melee Weapons Level 1  
  179  12:10  Centrifical Hooks  
  179  12:18  Hydralisk  
  179  12:19  Hydralisk x9  
  199  12:26  Anabolic Synthesis  
  199  12:41  Spore Crawler  
  199  12:43  Spore Crawler  
  199  12:44  Spore Crawler  
  196  12:46  Spore Crawler  
  195  12:57  Zergling x4  
  195  12:58  Zergling x4  
  199  12:59  Zergling x2  
  200  13:20  Nydus Canal  
  178  14:00  Nydus Canal  
Tags
 
Add a new tag
Caveats
  • Supply blocks, unpowered buildings, or Contaminate may cause inaccurate times.
  • Supply counts are checked every 10 seconds.